 Dungeon Crawl Stone Soup version 0.20-a0-509-ga2a529b (webtiles) character file.

137 M4edhros the Insei (level 5, -12/31 HPs)
             Began as an Octopode Necromancer on Jan 22, 2017.
             Mangled by an ogre
             ... wielding a cursed -1 giant club
              (14 damage)
             ... on level 4 of the Dungeon.
             The game lasted 00:06:35 (1768 turns).

M4edhros the Insei (Octopode Necromancer)           Turns: 1768, Time: 00:06:36

Health: -12/31     AC:  3    Str:  7    XL:     5   Next: 20%
Magic:  4/8        EV: 13    Int: 18    God:
Gold:   99         SH:  0    Dex: 13    Spells: 3/8 levels left

rFire    . . .     SeeInvis .     - Unarmed
rCold    . . .     Gourm    .   (no shield)
rNeg     . . .     Faith    .   (helmet restricted)
rPois    .         Spirit   .   (no amulet)
rElec    .         Reflect  .   (no ring)
rCorr    .         Harm     .   (no ring)
MR       .....                  (no ring)
Stlth    +++.......             (no ring)
Regen    0.1/turn               (no ring)
                                (no ring)
                                (no ring)
                                (no ring)

@: very slightly contaminated
A: almost no armour, stealthy swim, amphibious, 8 rings, constrict 8, tentacle
spike 1, thin metallic scales 1, camouflage 1, blurry vision 1, gelatinous body
1
a: no special abilities


You were on level 4 of the Dungeon.
You were near starving.

You visited 1 branch of the dungeon, and saw 4 of its levels.

You collected 99 gold pieces.

Inventory:

Scrolls
 d - 2 scrolls of amnesia
 g - 2 scrolls of remove curse
 m - a scroll of blinking {unknown}
 n - 2 scrolls of enchant armour
 o - 2 scrolls of teleportation
 q - a scroll of magic mapping {unknown}
 r - a scroll of fear {unknown}
Potions
 e - a potion of agility {unknown}
 h - a potion of cancellation {unknown}
 k - a potion of brilliance {unknown}
 p - a potion of invisibility
Books
 a - a book of Necromancy

   Spells                             Type                      Level
   a - Pain                           Necromancy                   1
   b - Animate Skeleton               Necromancy                   1
   c - Vampiric Draining              Necromancy                   3
   d - Regeneration                   Charms/Necromancy            3
   e - Animate Dead                   Necromancy                   4
   f - Control Undead                 Necromancy                   4
Comestibles
 b - a bread ration
 c - a royal jelly
 f - 2 meat rations
 j - a fruit


   Skills:
 - Level 2.0 Dodging
 - Level 2.6 Stealth
 + Level 4.6 Unarmed Combat
 - Level 2.0 Spellcasting
 - Level 4.0 Necromancy


You had 3 spell levels left.
You knew the following spells:

 Your Spells              Type           Power        Failure   Level  Hunger
a - Pain                  Necr           ###.         3%          1    #......
b - Animate Skeleton      Necr           N/A          3%          1    #......
c - Regeneration          Chrm/Necr      #.........   24%         3    ###....


Dungeon Overview and Level Annotations

Branches:
Dungeon (4/15)
 Temple: D:4-7

Altars:
Gozag
Kikubaaqudgha
Nemelex Xobeh
Uskayaw


Innate Abilities, Weirdness & Mutations

You cannot wear most types of armour.
You are very stealthy in the water. (Stealth+)
You are amphibious.
You can wear up to eight rings at the same time.
You can use your tentacles to constrict eight enemies at once.
Your skin changes colour to match your surroundings (Stealth+).
Your rubbery body absorbs attacks. (AC +1, EV +1)
One of your tentacles bears a spike.
You are partially covered in thin metallic scales. (AC +2)
Scrolls take you a little longer to read.


Message History

You tentacle-slap the ogre but do no damage.
You squeeze the ogre.
The ogre is severely wounded.
The ogre closely misses you.
You barely miss the ogre.
The ogre is severely wounded.
The ogre closely misses you.
You tentacle-slap the ogre.
The ogre is almost dead.
You tentacle-slap the ogre but do no damage.
The ogre is almost dead.
The ogre hits you with a giant club!
Ouch! That really hurt!
* * * LOW HITPOINT WARNING * * *
Casting: Regeneration
Confirm with . or Enter, or press ? or * to list all spells.
You miscast Regeneration.
You are very lightly contaminated with residual magic.
Pain shoots through your body. The ogre hits you with a giant club!
You die...

...######.[..................#...
...'.........................+...
...#....#......######........# ##
...#....#......######........+ .
........#......#.............###
........#........................
#>......+........................
........#.................#.#...#
................@O........#.#####
..............(#..........#.. ..
...............#.........######..
........##'########+#........)'..
....######'####.............###..
.................................
.................................
...............##<...............
#..............####+#......###...


You could see an ogre.

Vanquished Creatures
  A hound (D:4)
  An iguana (D:4)
  2 adders
  2 worms
  4 dart slugs
  A leopard gecko (D:1)
  2 ball pythons
  4 bats
  A bat zombie (D:3)
  A giant cockroach (D:1)
  9 goblins
  4 hobgoblins
  2 jackals (D:3)
  3 kobolds
  A quokka (D:3)
  2 frilled lizards
  A jackal zombie (D:4)
  8 rats (D:1)
49 creatures vanquished.

Vanquished Creatures (collateral kills)
  A goblin (D:3)
  A kobold (D:3)
2 creatures vanquished.

Grand Total: 51 creatures vanquished

Notes
Turn   | Place    | Note
-------+----------+-------------------------------------------
     0 | D:1      | M4edhros the Octopode Necromancer began the quest for the Orb.
     0 | D:1      | Reached XP level 1. HP: 11/11 MP: 3/3
    97 | D:1      | Reached skill level 1 in Unarmed Combat
   187 | D:1      | Reached XP level 2. HP: 8/17 MP: 0/5
   613 | D:1      | Reached XP level 3. HP: 7/21 MP: 3/6
   616 | D:1      | Learned a level 1 spell: Animate Skeleton
   620 | D:1      | Learned a level 3 spell: Regeneration
  1156 | D:3      | Reached XP level 4. HP: 23/27 MP: 4/7
  1175 | D:3      | Found an ancient bone altar of Kikubaaqudgha.
  1432 | D:4      | Found a hide-covered altar of Uskayaw.
  1557 | D:4      | Found an opulent altar of Gozag.
  1557 | D:4      | Found a sparkling altar of Nemelex Xobeh.
  1571 | D:4      | Reached XP level 5. HP: 21/31 MP: 8/8
  1718 | D:4      | Gained mutation: Scrolls take you a little longer to read. [potion of mutation]
  1718 | D:4      | Gained mutation: You are partially covered in thin metallic scales. (AC +2) [potion of mutation]
  1718 | D:4      | Gained mutation: One of your tentacles bears a spike. [potion of mutation]
  1736 | D:4      | Noticed an ogre
  1768 | D:4      | Mangled by an ogre

Vault maps used:
D:1:      shiori_arrival_elements
D:2:      lemuel_round_altar, kennysheep_slug_shrine,
          chequers_ecumenical_altar_simple_redux, first_bread,
          uniq_crazy_yiuf_cottage
D:3:      lemuel_doored_altar, lemuel_zombie_altar_kikubaaqudgha,
          hangedman_decor_growths
D:4:      grunt_temple_overflow_opulence, overflow_temple_1_default,
          saegor_snake_ambush

Skill      XL: |  1  2  3  4 |
---------------+-------------+-----
Unarmed Combat | 1 2 3 4 |  4.6
Dodging        | |  2.0
Stealth        | |  2.6
Spellcasting   | |  2.0
Necromancy     | |  4.0

Action                   |  1- 3 |  4- 6 || total
-------------------------+-------+-------++-------
Melee: Unarmed           |    38 |    53 ||    91
       Constrict         |    11 |     9 ||    20
       Tentacles         |     3 |     7 ||    10
       Punch             |     1 |     1 ||     2
       Kick              |       |     2 ||     2
 Cast: Pain              |    50 |     5 ||    55
       Regeneration      |     4 |     4 ||     8
       Animate Skeleton  |     3 |     2 ||     5
  Use: Potion            |     1 |     3 ||     4
       Scroll            |       |     7 ||     7
 Stab: Sleeping          |     2 |     5 ||     7
  Eat: Chunk             |     1 |     2 ||     3
Armor: Skin              |     8 |     3 ||    11
Dodge: Dodged            |    28 |    33 ||    61
